 Dungeon Crawl Stone Soup version 0.29-a0-551-gffc1d7fb78 (webtiles) character file.

Game seed: 6696554311486698225

871 spiderkeys the Ducker (level 7, 0/41 (42) HPs)
             Began as a Deep Elf Abyssal Knight on June 5, 2022.
             Was an Elder of Lugonu.
             Shot with an arrow by a centaur (15 damage)
             ... on level 5 of the Dungeon.
             The game lasted 00:11:25 (6729 turns).

spiderkeys the Ducker (Deep Elf Abyssal Knight)     Turns: 6729, Time: 00:11:26

HP:   0/41 (42)     AC:  4    Str: 10    XL:     7   Next: 73%
MP:   14/15         EV: 14    Int: 17    God:    Lugonu [****..]
Gold: 211           SH:  5    Dex: 21    Spells: 11/15 levels left

rFire   . . .      SeeInvis .   l - +0 short sword (venom)
rCold   . . .      Faith    .   (no shield)
rNeg    . . .      Spirit   .   b - +0 leather armour
rPois   .          Reflect  +   (no helmet)
rElec   .          Harm     .   (no cloak)
rCorr   +          Rampage  .   P - +0 pair of gloves
Will    .....                   (no boots)
Stlth   ++........              y - amulet of reflection
HPRegen 0.13/turn               D - +6 ring of dexterity
MPRegen 0.14/turn               R - ring of resist corrosion

@: lightly drained
A: no striking features
a: Renounce Religion, Depart the Abyss, Bend Space, Banish, Corrupt


You were on level 5 of the Dungeon.
You worshipped Lugonu.
Lugonu was greatly pleased with you.
You visited 1 branch of the dungeon, and saw 5 of its levels.
You visited the Abyss 1 time.

You collected 211 gold pieces.


   Skills:
 + Level 3.6 Fighting
 + Level 4.0 Short Blades
 - Level 1.0 Armour
 + Level 4.7 Dodging
 * Level 4.5 Spellcasting
 * Level 3.8 Conjurations
 + Level 4.3 Invocations


You had 11 spell levels left.
You knew the following spells:

 Your Spells              Type           Power      Damage    Failure   Level
m - Mephitic Cloud        Conj/Pois/Air  8%         N/A       36%         3
s - Summon Small Mammal   Summ           12%        N/A       21%         1

Your spell library contained the following spells:

 Spells                   Type           Power      Damage    Failure   Level
 Call Canine Familiar     Summ           3%         N/A       52%         3
 Ignite Poison            Fire/Tmut/Pois 3%         N/A       52%         3
 Summon Guardian Golem    Hex/Summ       3%         N/A       52%         3
 Passage of Golubria      Tloc           3%         N/A       90%         4
 Freezing Cloud           Conj/Ice/Air   4%         6-21      98%         5
 Silence                  Hex/Air        1%         N/A       99%         5
 Lehudib's Crystal Spear  Conj/Erth      5%         10d3      100%        8

Inventory:

Hand Weapons
 a - a +1 short sword
 l - a +0 short sword of venom (weapon)
   (You found it on level 2 of the Dungeon)
 z - a +0 rapier
   (You found it on level 4 of the Dungeon)
Missiles
 j - 125 stones
 k - 3 boomerangs
 q - 3 boomerangs of dispersal {=f!f}
 s - 10 poisoned darts
Armour
 b - a +0 leather armour (worn)
 p - a +0 leather armour
   (You took it off an orc on level 5 of the Dungeon)
 r - a +0 leather armour
   (You took it off an orc on level 5 of the Dungeon)
 t - a +0 robe
   (You took it off an orc wizard on level 5 of the Dungeon)
 u - a +0 robe
   (You found it on level 5 of the Dungeon)
 I - a +0 leather armour
   (You found it on level 5 of the Dungeon)
 L - a +0 robe
   (You took it off a wight on level 5 of the Dungeon)
 P - a +0 pair of gloves (worn)
   (You found it on level 4 of the Dungeon)
Jewellery
 y - an amulet of reflection (around neck)
   (You found it on level 4 of the Dungeon)
 A - an amulet of the acrobat
   (You found it on level 5 of the Dungeon)
 D - a +6 ring of dexterity (left hand)
   (You took it off a hobgoblin on level 3 of the Dungeon)
 F - a ring of fire
   (You found it on level 3 of the Dungeon)
 R - a ring of resist corrosion (right hand)
   (You found it on level 4 of the Dungeon)
Wands
 v - a wand of acid (4)
   (You found it on level 5 of the Dungeon)
 B - a wand of polymorph (11)
   (You found it on level 4 of the Dungeon)
 J - a wand of mindburst (4)
   (You found it on level 4 of the Dungeon)
Scrolls
 d - a scroll of amnesia
 g - a scroll of fog
 m - a scroll of poison {!r}
 n - 2 scrolls of fear
 o - a scroll of enchant armour
 w - a scroll of blinking {!r}
 x - a scroll of noise {!r}
 G - a scroll of teleportation {@r4}
 H - a scroll of vulnerability {!r!r}
Potions
 c - a potion of mutation {unknown}
 e - a potion of might {unknown}
 f - 2 potions of curing {unknown}
 h - 2 potions of heal wounds {@q2}
 i - 2 potions of flight {unknown}
 C - 2 potions of brilliance {unknown}
 K - 3 potions of berserk rage {unknown}

Dungeon Overview and Level Annotations

Branches:
Dungeon (5/15)
 Temple: D:4-7

Altars:
Okawaru
Xom
The Shining One

Shops:
D:1 (

Annotations:
Abyss:1 Pikel

####......# ######.#..##.# ###
#.#....# #.......# #.. #...#..#####
##....### ##.# #..........#
#..#.######..> ####..#...###.#
##..#.....#.b..
...........##.#####..###..#ยงzยง...
....#.#....##g#...g.## ##........
.......<..).....g..##...##.......
....#.........#b@.##.....+#......
....######.#.#Jg.##.......##.....
##### #.#..c### ..._... ###...
#.###...##....... .... #####.#
###..##.....# #.# ##.....#
##..##...## .# #####.#.####
##..##.## . .....###.##########..##
. #####.#...............#


You could see a centaur (ally target), a friendly gnoll shaman (summoned), a
friendly jelly (summoned, wandering), 3 friendly gnolls and a friendly bat
(summoned).


Message History

๐Ÿ˜• MP[+1]
Your mp is fully restored (15).
Casting: Summon Small Mammal (safe; 21% risk of failure)
Confirm with . or Enter, or press ? or * to list all spells.
You miscast Summon Small Mammal.
You are very lightly contaminated with residual magic.
Nothing appears to happen. ๐Ÿ˜• HP[+1] MP[-1]
You lost 1 mp, and now have 14/15 mp.
Casting: Summon Small Mammal (safe; 21% risk of failure)
Confirm with . or Enter, or press ? or * to list all spells.
๐Ÿ˜• MP[-1]
You lost 1 mp, and now have 13/15 mp.
Your rat barely misses the wight.
Your rat barely misses the wight. ๐Ÿ˜• MP[+1]
Your magical contamination has completely faded away. ๐Ÿ˜• HP[+1] ๐Ÿ˜• MP[+1]
Your mp is fully restored (15).
Casting: Summon Small Mammal (safe; 21% risk of failure)
Confirm with . or Enter, or press ? or * to list all spells.
You miscast Summon Small Mammal.
You are very lightly contaminated with residual magic.
Nothing appears to happen.
The wight barely misses you.
Your rat bites the wight but does no damage. ๐Ÿ˜• HP[+1] MP[-1]
You lost 1 mp, and now have 14/15 mp.
Casting: Summon Small Mammal (safe; 21% risk of failure)
Confirm with . or Enter, or press ? or * to list all spells.
The wight closely misses you.
Your rat closely misses the wight. ๐Ÿ˜• MP[-1]
You lost 1 mp, and now have 13/15 mp.
Your bat barely misses the wight.
The wight barely misses you.
Your rat bites the wight.
Your bat hits the wight but does no damage.
You hit the wight but do no damage.
Your bat hits the wight but does no damage.
The wight closely misses you.
You hit the wight.
Your bat barely misses the wight.
Your rat bites the wight but does no damage.
You block the wight's attack.
You hit the wight. You punch the wight, but do no damage.
Your bat closely misses the wight.
Your bat barely misses the wight.
Your rat closely misses the wight.
The wight hits you but does no damage.
You closely miss the wight.
Your bat hits the wight but does no damage.
Your rat completely misses the wight.
The wight misses your bat.
You hit the wight but do no damage.
Your bat hits the wight but does no damage.
Your rat bites the wight.
The wight barely misses your bat.
Your magical contamination has completely faded away. ๐Ÿ˜• MP[+1]
You strike the helpless wight from behind!
You puncture the wight!
You destroy the wight!
Lugonu accepts your kill.
Your Short Blades skill increases to level 4! ๐Ÿ˜• HP[+1]
You now have 41 max hp (+3).
You start resting.
Your rat disappears in a puff of smoke! ๐Ÿ˜• HP[+1] MP[+1]
Your mp is fully restored (15).
L - a +0 robe You see here a +0 trident.
You start resting.
Your bat disappears in a puff of smoke! ๐Ÿ˜Ž HP[+5]
Your hp is fully restored (41).
A centaur is nearby!
A centaur is nearby!
The centaur shouts!
The centaur wields a +2 shortbow of flaming.
It bursts into flame!
The centaur shoots an arrow.
The arrow misses you.
The centaur shoots an arrow.
The arrow hits you. The arrow burns you.
The centaur shoots an arrow.
The arrow hits you!
* * * LOW HITPOINT WARNING * * *
The arrow burns you.
* * * LOW HITPOINT WARNING * * *
๐Ÿ˜จ HP[-27]
You take 27 damage, and now have 14/41 hp.
MASSIVE DAMAGE!! (PAUSE)
The centaur shoots an arrow.
The arrow closely misses you.
The centaur shoots an arrow.
You reflect the arrow off an invisible shield around you!
The arrow hits the centaur!
The arrow burns the centaur. ๐Ÿ˜จ HP[+1]
Okay, then.
Casting: Summon Small Mammal (safe; 21% risk of failure)
Confirm with . or Enter, or press ? or * to list all spells.
๐Ÿ˜จ MP[-1]
You lost 1 mp, and now have 14/15 mp.
As you read the scroll labelled BIANWO HIALAPS, it crumbles to dust.
Wisps of shadow whirl around you...
It was a scroll of summoning.
You swap places.
The centaur shoots an arrow.
The arrow barely misses your gnoll shaman.
The arrow hits you!
You die...

Skill      XL: |  1  2  3  4  5  6  7 |
---------------+----------------------+-----
Armour         | 1 |  1.0
Dodging        | 3 4 |  4.7
Invocations    | 3 4 |  4.3
Fighting       | 3 |  3.6
Short Blades   | 3 4 |  4.0
Spellcasting   | 2 3 4 |  4.5
Conjurations   | 2 3 |  3.8

Action                   |  1- 3 |  4- 6 |  7- 9 || total
-------------------------+-------+-------+-------++-------
Melee: Short sword       |   164 |   115 |    50 ||   329
       Punch             |     1 |       |     3 ||     4
 Cast: Summon Small Mamm |       |       |     7 ||     7
Invok: Bend Space        |       |     1 |     2 ||     3
       Banish            |       |     1 |       ||     1
Evoke: Wand              |       |     2 |     2 ||     4
  Use: Scroll            |       |     9 |     2 ||    11
       Potion            |       |     2 |     1 ||     3
 Stab: Sleeping          |     4 |     1 |     1 ||     6
       Distracted        |       |       |     1 ||     1
Armor: Leather armour    |    52 |     8 |     3 ||    63
       Skin              |       |     3 |       ||     3
Dodge: Dodged            |   145 |    51 |    26 ||   222
Block: Other             |       |    16 |     9 ||    25
       Reflection        |       |       |     1 ||     1

Levels and vault maps discovered:
D:1:      dpeg_arrival_simpleton_b, layout_loops_corners,
          ebering_ecumenical_altar_sacrificial, serial_shops,
          nicolae_shop_bloodbath_and_beyond, minmay_misc_feat_alley
D:2:      layout_basic
D:3:      layout_rooms
D:4:      layout_loops_ring, okawaru_trees_1, kennysheep_flooded_box, uniq_pikel
D:5:      layout_loops_cross, tso_metal_star, mainiacjoe_overflow_cross_hatched

Notes
Turn   | Place    | Note
-------+----------+-------------------------------------------
     0 | Abyss:1  | spiderkeys the Deep Elf Abyssal Knight began the quest for
                  | the Orb.
     0 | Abyss:1  | Reached XP level 1. HP: 13/13 MP: 4/4
     0 | Abyss:1  | magus.rc [v1.11.3]
    18 | D:1      | You pass through the gate.
    18 | D:1      | Escaped the Abyss
   205 | D:1      | Found a faded altar of an unknown god.
   208 | D:1      | Reached skill level 1 in Armour
   227 | D:1      | Reached XP level 2. HP: 8/18 MP: 5/5
   531 | D:1      | HP: 4/18 [jackal (3)]
   888 | D:1      | Reached XP level 3. HP: 12/22 MP: 6/6
  1051 | D:1      | Found Jecaarah's Weapon Shop.
  1133 | D:1      | Reached skill level 3 in Dodging
  1212 | D:1      | Reached *** piety under Lugonu
  2148 | D:2      | Identified the ring of Avaloh {rN+ rCorr MP-9 Int+8}
  2775 | D:3      | Reached XP level 4. HP: 25/27 MP: 8/8
  2974 | D:3      | Reached skill level 3 in Invocations
  2982 | D:3      | Reached skill level 3 in Fighting
  3091 | D:3      | Reached skill level 3 in Short Blades
  3577 | D:4      | Found an iron altar of Okawaru.
  3725 | D:4      | You add the spells Ignite Poison, Mephitic Cloud and
                  | Freezing Cloud to your library.
  3739 | D:4      | Learned a level 3 spell: Mephitic Cloud
  3794 | D:4      | Noticed a lemure
  3794 | D:4      | Noticed a lemure
  3794 | D:4      | Noticed a lemure
  3795 | D:4      | Noticed Pikel
  4205 | D:4      | HP: 7/28 [something (4)]
  4212 | D:4      | Reached XP level 5. HP: 13/32 MP: 9/9
  4214 | D:4      | HP: 11/48 [orc/+0 short sword (2)]
  4610 | D:4      | Reached skill level 1 in Spellcasting
  4610 | D:4      | Reached skill level 1 in Conjurations
  5030 | D:4      | Noticed Pikel
  5030 | D:4      | Pikel changed into Pikel the wyvern
  5032 | D:4      | Banished Pikel the wyvern
  5033 | D:4      | Reached skill level 4 in Dodging
  5033 | D:4      | Reached skill level 2 in Spellcasting
  5033 | D:4      | Reached skill level 2 in Conjurations
  5033 | D:4      | Reached XP level 6. HP: 37/37 MP: 5/11
  5132 | D:4      | Found an iron altar of Okawaru.
  5456 | D:5      | Entered Level 5 of the Dungeon
  5460 | D:5      | You pick up a book of Callings and begin reading...
  5460 | D:5      | You add the spells Summon Small Mammal, Call Canine
                  | Familiar and Summon Guardian Golem to your library.
  5463 | D:5      | Learned a level 1 spell: Summon Small Mammal
  5569 | D:5      | Found a glowing golden altar of the Shining One.
  5791 | D:5      | Reached skill level 3 in Spellcasting
  5832 | D:5      | Reached **** piety under Lugonu
  5947 | D:5      | Reached XP level 7. HP: 33/41 MP: 12/14
  5962 | D:5      | Reached skill level 3 in Conjurations
  5962 | D:5      | Reached skill level 4 in Invocations
  6240 | D:5      | Reached skill level 4 in Spellcasting
  6298 | D:5      | You pick up a book of the Moon and begin reading...
  6298 | D:5      | You add the spells Passage of Golubria, Silence and
                  | Lehudib's Crystal Spear to your library.
  6313 | D:5      | Found a shimmering altar of Xom.
  6669 | D:5      | Reached skill level 4 in Short Blades
  6729 | D:5      | Shot with an arrow by a centaur

Vanquished Creatures
  An ogre (D:5)
  3 scorpions (D:5)
  A wight (D:5)
  2 hounds
  3 orc priests
  An iguana (D:5)
  3 orc wizards
  5 adders
  3 gnolls (D:5)
  An ufetubus (D:4)
  A worm (D:5)
  2 dart slugs
  10 orcs
  5 endoplasms
  A giant cockroach (D:1)
  5 goblins
  8 hobgoblins
  8 jackals (D:1)
  4 kobolds
  4 quokkas
  6 ball pythons
  5 bats
  4 frilled lizards
  6 rats
92 creatures vanquished.

Table legend:
 A = Non-vault XP
 B = Vault XP
 C = Vault XP percentage of total XP
 D = Non-vault monster count
 E = Vault monster count
 F = Vault count percentage of total count
                 A         B        C        D         E       F
            +---------+---------+-------+---------+---------+-------
      Total |    1044 |     201 |  16.1 |      92 |       1 |   1.1
            +---------+---------+-------+---------+---------+-------
        D:1 |      61 |       0 |   0.0 |      36 |       0 |   0.0
        D:2 |      23 |       0 |   0.0 |       8 |       0 |   0.0
        D:3 |      88 |       0 |   0.0 |      14 |       0 |   0.0
        D:4 |     203 |     201 |  49.8 |      15 |       1 |   6.2
        D:5 |     669 |       0 |   0.0 |      19 |       0 |   0.0
            +---------+---------+-------+---------+---------+-------

Illustrated notes

Table legend:
 A = Kills in this place as a percentage of kills in entire the game.
 B = Kills by you in this place as a percentage of kills by you in the entire game.
 C = Kills by friends in this place as a percentage of kills by friends in the entire game.
 D = Other kills in this place as a percentage of other kills in the entire game.
 E = Experience gained in this place as a percentage of experience gained in the entire game.
 F = Experience gained in this place divided by the number of levels of this place that you have seen.
                   A       B       C       D       E      F
               +-------+-------+-------+-------+-------+----------------------
         Total | 100.0 | 100.0 |   N/A | 100.0 | 100.0 | 207.5
       Dungeon | 100.0 | 100.0 |   N/A | 100.0 | 100.0 | 249.0
               +-------+-------+-------+-------+-------+----------------------

Table legend: (Time is in decaauts)
 A = Elapsed time spent in this place.
 B = Non-inter-level travel time spent in this place.
 C = Inter-level travel time spent in this place.
 D = Time resting spent in this place.
 E = Time spent auto-exploring this place.
 F = Levels seen in this place.
 G = Mean time per level.
                   A        B        C        D        E       F      G
               +--------+--------+--------+--------+--------+-----+--------+
         Total |   6714 |   6597 |    117 |   1763 |   3832 |   6 | 1119.0 |
       Dungeon |   6696 |   6579 |    117 |   1763 |   3832 |   5 | 1339.2 |
         Abyss |     18 |     18 |      0 |      0 |      0 |   1 |   18.0 |
               +--------+--------+--------+--------+--------+-----+--------+

Top non-repeatable levels by time:
     D:4: 1671 daAuts
     D:1: 1667 daAuts
     D:5: 1266 daAuts
     D:2: 1148 daAuts
     D:3: 941 daAuts
 Abyss:1: 18 daAuts
